 Dungeon Crawl Stone Soup version 0.30.1-11-g7821555f0a (webtiles) character file.

Game seed: 11275439402709457770

52 Nonny the Ducker (level 3, -1/40 HPs)
             Began as a Merfolk Gladiator on Dec 7, 2023.
             Slain by Crazy Yiuf
             ... wielding a +4 quarterstaff of chaos
              (11 damage)
             ... on level 2 of the Dungeon.
             The game lasted 00:04:34 (627 turns).

Nonny the Ducker (Merfolk Gladiator)                 Turns: 627, Time: 00:04:35

Health: -1/40      AC: 25    Str: 14    XL:     3   Next: 85%
Magic:  3/3        EV:  2    Int:  7    God:
Gold:   47         SH:  0    Dex: 17    Spells: 2/2 levels left

rFire   . . .        i - +2 dagger (freeze)
rCold   . . .        (no shield)
rNeg    . . .        b - melded +0 leather armour
rPois   +            c - melded +0 helmet
rElec   .            (cloak currently unavailable)
rCorr   .            (gloves currently unavailable)
SInv    .            (boots currently unavailable)
Will    .....        (no amulet)
Stlth   ++           f - +4 ring of protection
HPRegen 0.26/turn    k - ring of wizardry
MPRegen 0.08/turn

%: wizardry (x1)
@: tree-form, hasted and slowed
A: stationary, stasis, torment immunity, boosted hp, (nimble swimmer 2),
(mertail)
a: no special abilities


You were on level 2 of the Dungeon.
You were a tree.
You visited 1 branch of the dungeon, and saw 2 of its levels.

You collected 47 gold pieces.

Inventory:

Hand Weapons
 a - a +0 long sword
 i - a +2 dagger of freezing (weapon)
Missiles
 d - 3 throwing nets
 e - a javelin
 m - 2 stones (quivered)
 q - 5 atropa-tipped darts
Armour
 b - a +0 leather armour (melded)
 c - a +0 helmet (melded)
Jewellery
 f - a +4 ring of protection (left branch)
 k - a ring of wizardry (right branch)
Scrolls
 n - a scroll of immolation {unknown}
 p - a scroll of identify {unknown}
Potions
 g - a potion of attraction {unknown}
 h - a potion of heal wounds {unknown}
 j - a potion of curing
 l - a potion of lignification
 o - a potion of might {unknown}


   Skills:
 - Level 2.1 Fighting
 + Level 4.4 Long Blades
 + Level 2.1 Throwing
 + Level 4.8 Dodging
 * Level 1.9 Stealth


You had 2 spell levels left.
You didn't know any spells.
Your spell library was empty.

Dungeon Overview and Level Annotations

Branches:
Dungeon (2/15)

Altars:
Uskayaw

Annotations:
D:2 Crazy Yiuf


Innate Abilities, Weirdness & Mutations

You are a tree.
Your roots penetrate the ground, keeping you stationary.
You cannot be teleported.
You are immune to unholy pain and torment.
Your maximum health is greatly increased.
Your equipment is partially melded.
((You are very nimble when in or above water. (Stealth+, EV+, Speed+++)))
((Your lower body shifts to a powerful aquatic tail in water.))


Message History

Throw: 6 darts (atropa)
Press: ? - help, Shift-Dir - straight line, f - Crazy Yiuf
Aim: Crazy Yiuf, wielding a +4 quarterstaff of chaos and wearing a +0 cloak (65% to hit, chance to blind on hit: 83%)
You throw an atropa-tipped dart. The atropa-tipped dart hits Crazy Yiuf.
Crazy Yiuf appears confused.
Crazy Yiuf says, "Have you seen my cloak?"
Crazy Yiuf seems less confused.
There is an open translucent door here.
Crazy Yiuf closely misses you.
You closely miss Crazy Yiuf.
Crazy Yiuf laughs, "Orb tired high!"
Crazy Yiuf hits you with a +4 quarterstaff of chaos!
You are poisoned.
Unknown command.
You hit Crazy Yiuf but do no damage.
You feel very sick.
Crazy Yiuf is no longer blind.
Crazy Yiuf hits you with a +4 quarterstaff of chaos!
* * * LOW HITPOINT WARNING * * *
You feel yourself slow down.
Unknown command.
Okay, then.
Okay, then.
It was a potion of curing.
You feel better. Crazy Yiuf closely misses you.
It was a potion of lignification.
You turn into a tree.
Your +0 helmet melds into your body.
Your +0 leather armour melds into your body.
Your roots penetrate the ground.
Crazy Yiuf hits you but does no damage.
You feel yourself speed up. Crazy Yiuf hits you but does no damage.
Unknown command.
You barely miss Crazy Yiuf.
Crazy Yiuf hits you with a +4 quarterstaff of chaos.
* * * LOW HITPOINT WARNING * * *
Crazy Yiuf burns you.
* * * LOW HITPOINT WARNING * * *
Unknown command.
You hit Crazy Yiuf. You freeze Crazy Yiuf.
Crazy Yiuf is moderately wounded.
Crazy Yiuf hits you with a +4 quarterstaff of chaos!
You die...

#...........#
#...........#
#..........##
########...#
#...# #...# #####
♣♣##...# #)..#♣♣
♣♣.#...##
#.(♣'.♣♣♣♣PP....#
#.g.#♣..♣......##
#####♣♣♣.♣..#.##
♣♣♣♣♣###


You could see Crazy Yiuf.

Vanquished Creatures
  An adder (D:2)
  A dart slug (D:1)
  An orc (D:2)
  7 ball pythons
  An endoplasm (D:1)
  A giant cockroach (D:2)
  2 goblins (D:1)
  5 hobgoblins (D:1)
  4 jackals (D:2)
  4 kobolds
  3 bats (D:1)
  3 frilled lizards
  4 rats
37 creatures vanquished.

Notes
Turn   | Place    | Note
-------+----------+-------------------------------------------
     0 | D:1      | Nonny the Merfolk Gladiator began the quest for the Orb.
     0 | D:1      | Reached XP level 1. HP: 16/16 MP: 1/1
    11 | D:1      | Kobold with +2 dagger of freezing to northwest of start.
    85 | D:1      | Reached XP level 2. HP: 22/22 MP: 2/2
   162 | D:1      | Reached skill level 1 in Stealth
   317 | D:1      | Reached XP level 3. HP: 27/27 MP: 3/3
   494 | D:2      | Found a hide-covered altar of Uskayaw.
   550 | D:1      | D:2 uphatch slightly less viable for orbrun than other
                  | stairs.
   614 | D:2      | Found a runed translucent door.
   615 | D:2      | Noticed Crazy Yiuf
   627 | D:2      | Slain by Crazy Yiuf

Illustrated notes .#. #...######### ##. .................. #................... .........##........ # .........##....... ... #............# ...K##............##. ........@............ ..................... .##.........<........ #..?.....>......... ..g.................. ...................$. ....##............##. .... #........$...# ... ......##....... Turn 11 on D:1: Kobold with +2 dagger of freezing to northwest of start.

.####..##......##†....##
.......##..............##
.####..#................#
.####..#................#
...##...................#
.......#................#
........................#
........................#
......>.........@......##
..)............##.....##
..........#############
..........# ..........#
..........# ..>†......#
..........# ..........#


Turn 550 on D:1: D:2 uphatch slightly less viable for orbrun than other stairs.

Levels and vault maps discovered:
D:1:      dpeg_arrival_stonehenge_8_columns, layout_rooms
D:2:      layout_rooms, basic_altar, minmay_cupped, uniq_crazy_yiuf_cottage

Skill      XL: |  1  2 |
---------------+-------+-----
Stealth        | 1 |  1.9
Long Blades    | 4 |  4.4
Fighting       | |  2.1
Throwing       | |  2.1
Dodging        | |  4.8

Action                     || total
---------------------------++-------
  Melee: Long sword        ||    13
         Dagger            ||   112
  Throw: Stone             ||     3
         Dart              ||     1
    Use: Potion            ||     2
 Armour: Leather armour    ||    35
         Skin              ||     2
  Dodge: Dodged            ||    85
